 Dungeon Sprint DCSS version 0.30-a0-778-g2ef04afb54 (webtiles) character file.

Game seed: 18148929794610233657

100479 BigDaddyOpFi the End of an Era (level 15, -7/160 HPs)
             Began as a Demonspawn Fighter on Feb 15, 2023.
             Was the Champion of Qazlal.
             Killed by divine providence
             ... invoked by a daeva
              (14 damage)
             ... in the Dungeon (Sprint VII: "The Pits").
             The game lasted 00:13:23 (4938 turns).

BigDaddyOpFi the End of an Era (Demonspawn Fighter) Turns: 4938, Time: 00:13:24

Health: -7/160     AC: 33    Str: 33    XL:     15   Next: 80%
Magic:  41/41      EV:  8    Int: 11    God:    Qazlal [******]
Gold:   25         SH: 34    Dex: 13    Spells: 14/14 levels left

rFire   . . .      SeeInvis +    s - +5 broad axe (heavy)
rCold   . . .      Faith    .    C - +1 tower shield
rNeg    . . .      Spirit   .    E - +7 plate armour of Charity {Stlth+}
rPois   .          Reflect  .    (helmet unavailable)
rElec   .          Harm     .    (cloak unavailable)
rCorr   .          Rampage  +    A - +2 pair of gloves
Will    ++...      NoTele   +    (no boots) Stlth
                                 L - amulet "Nougg" {RegenMP Rampage}
HPRegen 0.46/turn                I - ring "Eliwaut" {Str+4 Int+3 Slay+5}
MPRegen 0.67/turn                b - ring "Videpsej" {Contam Will+ MP+9 Str+6 Slay+5}

@: protected from physical damage, hasted, studying Ice Magic, repel missiles,
very quick
A: antennae 3, hooves 2, powered by death 1, condensation shield, weakness
stinger 3, dopey 1, robust 1
a: Renounce Religion, Upheaval, Elemental Force, Disaster Area


You were in the Dungeon.
You worshipped Qazlal.
Qazlal was exalted by your worship.
You visited 1 branch You collected 25 gold pieces.

Inventory:

Hand Weapons
 c - the +6 arbalest of Precise Incision {heavy, *Corrode Str+3 Stlth+}
   (You found it in the Dungeon)

   Str:       It affects your strength (+3).
   *Corrode:  It may corrode you when you take damage.
   Stlth:     It makes you more stealthy.
 s - a +5 heavy broad axe (weapon)
Armour
 u - a +0 hat
 A - a +2 pair of gloves (worn)
 C - a +1 tower shield (worn)
 E - the +7 plate armour of Charity (worn) {Stlth+}
   (You found it in the Dungeon)

   Stlth:     It makes you more stealthy.
Jewellery
 b - the ring "Videpsej" (right hand) {Contam Will+ MP+9 Str+6 Slay+5}
   (You found it in the Dungeon)

   [ring of strength]

   Str:       It affects your strength (+6).
   Slay:      It affects your accuracy & damage with ranged weapons and melee
   (+5).
   MP:        It affects your magic capacity (+9).
   Contam:    It causes magical contamination when unequipped.
   Will:      It increases your willpower.
 d - a +3 ring of protection
 l - a ring of protection from cold
 m - a +3 ring of intelligence
 p - the ring "Oschocko" {rPois rN++ Str-5 Int+3 Dex-3}
   (You found it in the Dungeon)

   [ring of poison resistance]

   Str:       It affects your strength (-5).
   Int:       It affects your intelligence (+3).
   Dex:       It affects your dexterity (-3).
   rPois:     It protects you from poison.
   rN:        It greatly protects you from negative energy.
 t - a ring of willpower
 y - a ring of positive energy
 B - an amulet of magic regeneration
 F - the ring "Bipp" {rN+ Str+4}
   (You found it in the Dungeon)

   [ring of positive energy]

   Str:       It affects your strength (+4).
   rN:        It protects you from negative energy.
 G - a +5 ring of slaying
 H - the ring of Tyluamys {rElec rC- Slay+5 SInv Stlth+}
   (You found it in the Dungeon)

   [ring of slaying]

   Slay:      It affects your accuracy & damage with ranged weapons and melee
   (+5).
   rC:        It makes you vulnerable to cold.
   rElec:     It insulates you from electricity.
   SInv:      It lets you see invisible.
   Stlth:     It makes you more stealthy.
 I - the ring "Eliwaut" (left hand) {Str+4 Int+3 Slay+5}
   (You found it in the Dungeon)

   [ring of slaying]

   Str:       It affects your strength (+4).
   Int:       It affects your intelligence (+3).
   Slay:      It affects your accuracy & damage with ranged weapons and melee
   (+5).
 J - the ring "Wang" {rPois rF++ rC+ Int-2}
   (You found it in the Dungeon)

   [ring of protection from cold]

   Int:       It affects your intelligence (-2).
   rF:        It greatly protects you from fire.
   rC:        It protects you from cold.
   rPois:     It protects you from poison.
 K - the ring of Suspicion {Str+4 Dex+2 Slay+5}
   (You found it in the Dungeon)

   [ring of slaying]

   Str:       It affects your strength (+4).
   Dex:       It affects your dexterity (+2).
   Slay:      It affects your accuracy & damage with ranged weapons and melee
   (+5).
 L - the amulet "Nougg" (around neck) {RegenMP Rampage}
   (You found it in the Dungeon)

   [amulet of magic regeneration]

   It increases your rate of magic regeneration.
   Rampage:   It bestows one free step when moving towards enemies.
Wands
 f - a wand of acid (5)
 j - a wand of paralysis (6)
Scrolls
 a - a scroll of poison
 q - 3 scrolls of identify
 v - 4 scrolls of fear
Potions
 e - 7 potions of curing
 g - 5 potions of haste
 h - 9 potions of magic
 i - 3 potions of berserk rage
 k - 2 potions of invisibility
 n - 2 potions of might
 o - 2 potions of flight
 w - 2 potions of resistance
 x - a potion of brilliance
 D - 5 potions of heal wounds
Miscellaneous
 r - a piece from Xom's chessboard (15/15)
 z - a tin of tremorstones (2/2)


   Skills:
 + Level 22.0 Fighting
 + Level 21.5 Axes
 + Level 20.4 Armour
 + Level 20.4 Shields
 O Level 27 Invocations


You had 14 spell levels left.
You didn't know any spells.
Your spell library contained the following spells:

 Spells                   Type           Power      Damage    Failure   Level
 Beastly Appendage        Tmut           0%         N/A       95%         1
 Foxfire                  Conj/Fire      0%         2x1d4     95%         1
 Kiss of Death            Conj/Necr      0%         2d5       95%         1
 Sting                    Tmut/Pois      0%         1d3       95%         1
 Scorch                   Fire           0%         2d5       98%         2
 Confusing Touch          Hex            0%         N/A       100%        3
 Gell's Gravitas          Tloc           0%         N/A       100%        3
 Summon Guardian Golem    Hex/Summ       0%         N/A       100%        3
 Teleport Other           Tloc           0%         N/A       100%        3
 Tukima's Dance           Hex            0%         N/A       100%        3
 Animate Dead             Necr           0%         N/A       100%        4
 Dispel Undead            Necr           0%         3d6       100%        4
 Manifold Assault         Tloc           0%         N/A       100%        4
 Passage of Golubria      Tloc           0%         N/A       100%        4
 Summon Lightning Spire   Summ/Air       0%         N/A       100%        4
 Borgnjor's Vile Clutch   Necr/Erth      0%         N/A       100%        5
 Fireball                 Conj/Fire      0%         3d3       100%        5
 Silence                  Hex/Air        0%         N/A       100%        5
 Yara's Violent Unravell  Hex/Tmut       0%         3d3       100%        5
 Death Channel            Necr           0%         N/A       100%        6
 Dispersal                Tloc           0%         N/A       100%        6
 Eringya's Noxious Bog    Tmut/Pois      0%         N/A       100%        6
 Starburst                Conj/Fire      0%         6d3       100%        6
 Dragon Form              Tmut           0%         N/A       100%        7
 Borgnjor's Revivificati  Necr           0%         N/A       100%        8
 Disjunction              Tloc           0%         N/A       100%        8
 Maxwell's Capacitive Co  Air            0%         ∞         100%        8
 Necromutation            Tmut/Necr      0%         N/A       100%        8
 Summon Horrible Things   Summ           0%         N/A       100%        8
 Death's Door             Necr           0%         N/A       100%        9
 Dragon's Call            Summ           0%         N/A       100%        9


Dungeon Overview and Level Annotations

Branches:
Dungeon (1/1)

Altars:
Ashenzari
Cheibriados
Dithmenos
Fedhas
Gozag
Hepliaklqana
Kikubaaqudgha
Makhleb
Nemelex Xobeh
Okawaru
Qazlal
Ru
Sif Muna
Trog
Uskayaw
Vehumet
Wu Jian
Xom
Yredelemnul
Jiyva
Lugonu


Innate Abilities, Weirdness & Mutations

You have a pair of large antennae on your head. (SInv)
You have hoof-like feet.
You regenerate a little health from kills.
A meltable shield of frost defends you. (SH +4)
You have a sharp stinger which inflicts weakening toxins.
You are dopey. (Int -2)
You are robust. (+10% HP)


Message History

You block the quicksilver dragon's attack. x2
You block the rockslime's attack.
The daeva hits you with a +3 eudemon blade of holy wrath!
You feel more protected from physical attacks.
You convulse.
You block the daeva's attack.
The quicksilver dragon bites you but does no damage.
The quicksilver dragon claws you but does no damage.
The rockslime is struck by lightning.
The rockslime hits you!
* * * LOW HITPOINT WARNING * * *
You stumble backwards!
Okay, then.
As you read the scroll of fear, it crumbles to dust.
You assume a fearsome visage.
The daeva resists with almost no effort.
The rockslime easily resists.
The quicksilver dragon looks frightened!
You block the rockslime's attack.
You completely miss the rockslime. You tail-slap the rockslime.
The rockslime looks weaker.
The rockslime is lightly wounded.
The daeva calls down the wrath of the Shining One upon you.
The Shining One smites you!
* * * LOW HITPOINT WARNING * * *
You block the rockslime's attack.
Okay, then.
You feel better.
The quicksilver dragon seems to regain its courage.
You block the rockslime's attack.
You feel yourself speed up. You block the rockslime's attack.
The daeva calls down the wrath of the Shining One upon you.
The Shining One smites you!
* * * LOW HITPOINT WARNING * * *
You block the rockslime's attack.
The daeva calls down the wrath of the Shining One upon you.
The Shining One smites you!
* * * LOW HITPOINT WARNING * * *
You see here a +3 hand axe.
The daeva calls down the wrath of the Shining One upon you.
The Shining One smites you!
You die...

.......).[))....#......#
#.†#..#....#..≈# ..... #
..†...##..##...##≈.)### { ..
.|)#......#.#..#)#).#
..######≈)..≈....≈....)..#
..#....≈.#......#.#..#)#[.#
.....[.)##.○##...##[..#######
.#..#..#)°#..○†#...#[..)).##...
.≈....≈).A†J.§@....#..[.))##...
....#.≈#.....§.....#.)...)''..#
. $≈...}$$#....#...#.....[')...
###########################††.
#######################)†# {{{
#....................''... {{{
#....)...............''... {
#..###'############..##..# {
#..##.#†#)#.#.#.#.#..##...


You could see a daeva and a rockslime (weak).

Vanquished Creatures
  An ancient lich (D)
  A golden dragon (D)
  2 profane servitors (D)
  A bone dragon (D)
  A deep elf blademaster (D)
  A titan (D)
  Frances (D)
  2 sphinxes (D)
  2 death cobs (D)
  Gastronok (D)
  2 shadow dragons (D)
  A draconian monk (D)
  A storm dragon (D)
  4 nagarajas (D)
  3 deep elf sorcerers (D)
  A fire giant (D)
  3 ghost moths (D)
  5 orc warlords (D)
  A cacodemon (D)
  3 ophanim (D)
  3 ghouls (D)
  A war gargoyle (D)
  A draconian annihilator (D)
  A deep elf annihilator (D)
  A red draconian (D)
  A deep elf demonologist (D)
  2 lorocyprocas (D)
  A purple draconian (D)
  A green draconian (D)
  A white draconian (D)
  A green death (D)
  An eidolon (D)
  A fire dragon (D)
  A blizzard demon (D)
  2 deep elf high priests (D)
  2 yaktaur captains (D)
  An ice dragon (D)
  2 vault guards (D)
  A catoblepas (D)
  An ogre mage (D)
  A centaur warrior (D)
  A merfolk avatar (D)
  A naga warrior (D)
  An alligator (D)
  A merfolk aquamancer (D)
  An anaconda (D)
  A vampire mage (D)
  An orc high priest (D)
  A boulder beetle (D)
  3 hell hogs (D)
  A sun demon (D)
  3 deep elf knights (D)
  A sixfirhy (D)
  A spriggan (D)
  A fire crab (D)
  3 skeletal warriors (D)
  3 spriggan druids (D)
  2 flayed ghosts (D)
  A wizard (D)
  2 cherubim (D)
  A bog body (D)
  2 deep elf pyromancers (D)
  4 harpies (D)
  2 lindwurms (D)
  10 orc knights (D)
  3 deep elf zephyrmancers (D)
  An orc sorcerer (D)
  A cyclops (D)
  An ugly thing (D)
  A manticore (D)
  2 elephants (D)
  4 naga magi (D)
  A rust devil (D)
  2 eyes of devastation (D)
  A smoke demon (D)
  A gargoyle (D)
  A demonic crawler (D)
  A rime drake (shapeshifter) (D)
  4 yaktaurs (D)
  A wandering mushroom (D)
  An ice devil (D)
  A freezing wraith (D)
  A troll (shapeshifter) (D)
  A polar bear (D)
  A guardian mummy (D)
  2 hornets (D)
  A hellwing (D)
  A troll (D)
  A tyrant leech (D)
  5 dream sheep (D)
  A snapping turtle (D)
  A flying skull (D)
  A jumping spider (D)
  4 slime creatures (D)
  5 water elementals (D)
  A vampire (D)
  2 air elementals (D)
  3 yaks (D)
  A wraith (D)
  A basilisk (D)
  2 wyverns (D)
  A fire bat (D)
  A yak (shapeshifter) (D)
  Grum (D)
  A ynoxinul (D)
  A fire elemental (D)
  A chaos spawn (D)
  A large abomination (D)
  A steam dragon (D)
  3 vampire mosquitoes (D)
  2 wargs (D)
  A naga (D)
  A floating eye (D)
  A water moccasin (D)
  14 orc warriors (D)
  A sky beast (D)
  2 ogres (D)
  3 centaurs (D)
  8 wolves (D)
  A kobold brigand (D)
  A necrophage (D)
  A scorpion (D)
  A quasit (D)
  Crazy Yiuf (D)
  7 orc priests (D)
  2 hounds (D)
  A jelly (D)
  An iron imp (D)
  4 orc wizards (D)
  2 iguanas (D)
  A mummy (D)
  An adder (D)
  A white imp (D)
  An ufetubus (D)
  A worm (D)
  19 orcs (D)
  An endoplasm (D)
  6 jackals (D)
  2 kobolds (D)
  A quokka (D)
  3 ball pythons (D)
  3 frilled lizards (D)
  2 quokka skeletons (D)
  2 rats (D)
284 creatures vanquished.

Vanquished Creatures (others)
  A ghoul (D)
  An orc wizard (D)
2 creatures vanquished.

Grand Total: 286 creatures vanquished

Notes
Turn   | Place    | Note
-------+----------+-------------------------------------------
     0 | D        | BigDaddyOpFi the Demonspawn Fighter began the quest for the
                  | Orb.
     0 | D        | Reached XP level 1. HP: 18/18 MP: 1/1
     9 | D        | Noticed a scorpion
    15 | D        | Killed a scorpion
    16 | D        | Gained mutation: A meltable shield of frost defends you.
                  | (SH +4) [demonic ancestry]
    16 | D        | Reached XP level 2. HP: 17/26 MP: 2/2
    16 | D        | Discovered your monstrous ancestry.
    16 | D        | Gained mutation: You have a small tail. [demonic ancestry]
    16 | D        | Reached XP level 3. HP: 20/31 MP: 3/3
    20 | D        | Found a bloodstained altar of Trog.
    20 | D        | Found a shimmering blue altar of Sif Muna.
    20 | D        | Found a viscous altar of Jiyva.
    20 | D        | Found a hazy altar of Hepliaklqana.
    20 | D        | Found an opulent altar of Gozag.
    21 | D        | Found a basalt altar of Yredelemnul.
    21 | D        | Found a shimmering altar of Xom.
    21 | D        | Found an ornate altar of the Wu Jian Council.
    21 | D        | Found a sacrificial altar of Ru.
    21 | D        | Found a stormy altar of Qazlal.
    21 | D        | Found an iron altar of Okawaru.
    21 | D        | Found a sparkling altar of Nemelex Xobeh.
    21 | D        | Found a burning altar of Makhleb.
    21 | D        | Found a blossoming altar of Fedhas.
    21 | D        | Found a shadowy altar of Dithmenos.
    21 | D        | Found a snail-covered altar of Cheibriados.
    22 | D        | Found a radiant altar of Vehumet.
    22 | D        | Found a corrupted altar of Lugonu.
    23 | D        | Found an ancient bone altar of Kikubaaqudgha.
    23 | D        | Found a hide-covered altar of Uskayaw.
    23 | D        | Found a broken altar of Ashenzari.
    26 | D        | Became a worshipper of Qazlal Stormbringer
    65 | D        | Reached * piety under Qazlal
    66 | D        | Reached skill level 1 in Invocations
    72 | D        | Reached ** piety under Qazlal
    84 | D        | Gained mutation: You have large cloven feet. [demonic
                  | ancestry]
    84 | D        | Reached XP level 4. HP: 38/38 MP: 3/5
    87 | D        | Reached *** piety under Qazlal
    92 | D        | Reached skill level 2 in Invocations
    92 | D        | Reached **** piety under Qazlal
    93 | D        | Reached skill level 5 in Fighting
    93 | D        | Reached skill level 3 in Invocations
    98 | D        | Reached skill level 4 in Invocations
   220 | D        | Noticed an orc warrior
   221 | D        | Noticed a kobold brigand
   223 | D        | Gained mutation: You have hoof-like feet. [demonic
                  | ancestry]
   223 | D        | Reached XP level 5. HP: 44/44 MP: 8/8
   227 | D        | Reached ***** piety under Qazlal
   228 | D        | Reached skill level 5 in Armour
   228 | D        | Reached skill level 5 in Shields
   228 | D        | Reached skill level 6 in Invocations
   228 | D        | Noticed Crazy Yiuf
   231 | D        | Reached skill level 5 in Axes
   239 | D        | Killed an orc warrior
   240 | D        | Reached skill level 8 in Invocations
   240 | D        | Gained mutation: You have a pair of small antennae on your
                  | head. [demonic ancestry]
   240 | D        | Reached XP level 6. HP: 44/53 MP: 9/12
   245 | D        | Killed Crazy Yiuf
   265 | D        | Noticed a fire bat
   276 | D        | Killed a fire bat
   277 | D        | Reached skill level 9 in Invocations
   642 | D        | Noticed a vampire mosquito
   654 | D        | Killed a vampire mosquito
   655 | D        | Reached skill level 10 in Invocations
   655 | D        | Gained mutation: You regenerate a little health from kills.
                  | [demonic ancestry]
   655 | D        | Reached XP level 7. HP: 42/60 MP: 14/14
   882 | D        | Reached ****** piety under Qazlal
   890 | D        | Reached skill level 11 in Invocations
  1050 | D        | Noticed a vampire
  1050 | D        | Noticed a jumping spider
  1051 | D        | Killed a vampire
  1051 | D        | Killed a jumping spider
  1052 | D        | Reached skill level 12 in Invocations
  1052 | D        | Reached XP level 8. HP: 68/68 MP: 7/17
  1465 | D        | Gained mutation: You are robust. (+10% HP) [potion of
                  | mutation]
  1465 | D        | Gained mutation: You sometimes lose your temper in combat.
                  | [potion of mutation]
  1465 | D        | Gained mutation: Your flesh is heat resistant. (rF+)
                  | [potion of mutation]
  1465 | D        | Gained mutation: You expend magic power (3 MP) to
                  | strengthen your wands. [potion of mutation]
  1466 | D        | Lost mutation: Your flesh is heat resistant. (rF+) [potion
                  | of mutation]
  1466 | D        | Lost mutation: You sometimes lose your temper in combat.
                  | [potion of mutation]
  1466 | D        | Lost mutation: You expend magic power (3 MP) to strengthen
                  | your wands. [potion of mutation]
  1466 | D        | Gained mutation: You are dopey. (Int -2) [potion of
                  | mutation]
  1520 | D        | Noticed Grum
  1520 | D        | Noticed an ice devil
  1527 | D        | Killed an ice devil
  1528 | D        | Reached skill level 13 in Invocations
  1530 | D        | Killed Grum
  1563 | D        | Noticed a tyrant leech
  1563 | D        | Noticed a deep elf zephyrmancer
  1567 | D        | Noticed a demonic crawler
  1568 | D        | Noticed an elephant
  1569 | D        | Killed a demonic crawler
  1570 | D        | Reached skill level 14 in Invocations
  1570 | D        | Gained mutation: You have a tail ending in a sharp stinger.
                  | [demonic ancestry]
  1570 | D        | Reached XP level 9. HP: 62/84 MP: 10/19
  1571 | D        | Killed a deep elf zephyrmancer
  1572 | D        | Reached skill level 15 in Invocations
  1576 | D        | Killed a tyrant leech
  1580 | D        | Reached skill level 10 in Fighting
  1585 | D        | Killed an elephant
  1586 | D        | Reached skill level 16 in Invocations
  1792 | D        | Noticed a cyclops
  1794 | D        | Killed a cyclops
  1795 | D        | Gained mutation: You have a pair of antennae on your head.
                  | [demonic ancestry]
  1795 | D        | Reached XP level 10. HP: 94/94 MP: 13/22
  1813 | D        | Noticed a gargoyle
  1815 | D        | Reached skill level 17 in Invocations
  1817 | D        | Killed a gargoyle
  1818 | D        | Reached skill level 10 in Armour
  1818 | D        | Reached skill level 10 in Shields
  2057 | D        | Noticed a bog body
  2058 | D        | Noticed a naga mage
  2059 | D        | Noticed an elephant
  2062 | D        | Noticed a naga mage
  2063 | D        | Killed a naga mage
  2063 | D        | Killed an elephant
  2063 | D        | Killed a naga mage
  2064 | D        | Reached skill level 10 in Axes
  2064 | D        | Reached skill level 18 in Invocations
  2067 | D        | Killed a bog body
  2190 | D        | Noticed a lindwurm
  2190 | D        | Noticed a titan
  2190 | D        | Noticed a flayed ghost
  2198 | D        | Killed a lindwurm
  2199 | D        | Reached skill level 19 in Invocations
  2199 | D        | Reached XP level 11. HP: 81/104 MP: 15/24
  2199 | D        | Killed a flayed ghost
  2199 | D        | Killed a titan
  2455 | D        | Got the Handbook of Anemomancy and the Gift
  2562 | D        | Reached skill level 20 in Invocations
  2569 | D        | Noticed a lindwurm
  2570 | D        | Noticed a merfolk aquamancer
  2572 | D        | Noticed a flayed ghost
  2574 | D        | Killed a lindwurm
  2578 | D        | Killed a flayed ghost
  2581 | D        | Killed a merfolk aquamancer
  2817 | D        | Noticed a deep elf pyromancer
  2817 | D        | Noticed a spriggan druid
  2820 | D        | Killed a deep elf pyromancer
  2820 | D        | Killed a spriggan druid
  2821 | D        | Reached skill level 21 in Invocations
  3040 | D        | Noticed a sun demon
  3042 | D        | Killed a sun demon
  3197 | D        | Noticed Gastronok
  3208 | D        | Killed Gastronok
  3209 | D        | Reached XP level 12. HP: 115/115 MP: 26/26
  3237 | D        | Noticed a death cob
  3238 | D        | Noticed an orc warlord
  3238 | D        | Noticed an orc warlord
  3238 | D        | Paralysed by an air elemental for 1 turns
  3240 | D        | Reached skill level 22 in Invocations
  3243 | D        | Killed an orc warlord
  3243 | D        | Killed an orc warlord
  3244 | D        | Reached skill level 23 in Invocations
  3246 | D        | Killed a death cob
  3299 | D        | Noticed a yaktaur captain
  3301 | D        | Killed a yaktaur captain
  3309 | D        | Noticed a vault guard
  3312 | D        | Noticed a blizzard demon
  3314 | D        | Killed a blizzard demon
  3314 | D        | Noticed a vault guard
  3316 | D        | Reached skill level 24 in Invocations
  3318 | D        | Killed a vault guard
  3320 | D        | Killed a vault guard
  3320 | D        | Noticed a deep elf blademaster
  3321 | D        | Gained mutation: You have a sharp stinger which inflicts
                  | weakening toxins. [demonic ancestry]
  3321 | D        | Reached XP level 13. HP: 73/125 MP: 21/29
  3327 | D        | Reached skill level 15 in Fighting
  3328 | D        | Killed a deep elf blademaster
  3329 | D        | Reached skill level 25 in Invocations
  3369 | D        | Noticed an orc warlord
  3379 | D        | Killed an orc warlord
  3475 | D        | Got the +7 plate armour of Charity {Stlth+}
  3596 | D        | Got the +6 arbalest of Precise Incision {heavy, *Corrode
                  | Str+3 Stlth+}
  3662 | D        | Noticed Frances
  3662 | D        | Noticed a deep elf annihilator
  3663 | D        | Killed a lorocyproca
  3663 | D        | Killed a deep elf annihilator
  3664 | D        | Reached skill level 26 in Invocations
  3674 | D        | Killed Frances
  3682 | D        | Got the Vademecum on Sizzling Teratogeny
  3682 | D        | Got the ring "Videpsej" {Contam Will+ MP+9 Str+6 Slay+5}
  3685 | D        | Got the ring "Oschocko" {rPois rN++ Str-5 Int+3 Dex-3}
  3802 | D        | Paralysed by a floating eye for 2 turns
  3807 | D        | Noticed a golden dragon
  3809 | D        | Identified the +4 dagger of Viog {speed, rElec}
  3813 | D        | Killed a lorocyproca
  3814 | D        | Reached skill level 15 in Shields
  3815 | D        | Reached skill level 15 in Armour
  3818 | D        | Reached skill level 15 in Axes
  3818 | D        | Reached skill level 27 in Invocations
  3826 | D        | Killed a golden dragon
  4036 | D        | Noticed a yellow draconian annihilator
  4037 | D        | Noticed a nagaraja
  4040 | D        | Killed a nagaraja
  4040 | D        | Killed a nagaraja
  4041 | D        | Reached XP level 14. HP: 126/140 MP: 22/31
  4041 | D        | Killed a yellow draconian annihilator
  4046 | D        | Noticed a sphinx
  4046 | D        | Noticed a deep elf sorcerer
  4046 | D        | Noticed a green draconian monk
  4048 | D        | Noticed an ancient lich
  4049 | D        | Killed a green draconian monk
  4049 | D        | Killed an ancient lich
  4049 | D        | Killed a nagaraja
  4051 | D        | Killed a sphinx
  4051 | D        | Noticed a profane servitor
  4055 | D        | Killed a deep elf sorcerer
  4059 | D        | HP: 6/137 [profane servitor/+1 demon whip of electrocution
                  | (3)]
  4063 | D        | Noticed a war gargoyle
  4068 | D        | Killed a war gargoyle
  4074 | D        | Noticed a nagaraja
  4100 | D        | Killed a profane servitor
  4133 | D        | Killed a nagaraja
  4328 | D        | Noticed a sphinx
  4332 | D        | Noticed a deep elf sorcerer
  4332 | D        | Noticed an ophan
  4333 | D        | Killed a deep elf sorcerer
  4334 | D        | Killed a sphinx
  4336 | D        | Killed an ophan
  4478 | D        | Got the Parchment of Generation
  4536 | D        | Got the ring "Bipp" {rN+ Str+4}
  4554 | D        | Got the ring of Tyluamys {rElec rC- Slay+5 SInv Stlth+}
  4556 | D        | Got the ring "Eliwaut" {Str+4 Int+3 Slay+5}
  4558 | D        | Got the ring "Wang" {rPois rF++ rC+ Int-2}
  4560 | D        | Got the ring of Suspicion {Str+4 Dex+2 Slay+5}
  4566 | D        | Got the amulet "Nougg" {RegenMP Rampage}
  4675 | D        | Paralysed by an air elemental for 1 turns
  4678 | D        | Noticed a bone dragon
  4680 | D        | Killed a deep elf sorcerer
  4681 | D        | Gained mutation: You have a pair of large antennae on your
                  | head. (SInv) [demonic ancestry]
  4681 | D        | Reached XP level 15. HP: 155/155 MP: 27/32
  4681 | D        | Killed a bone dragon
  4709 | D        | Noticed a death cob
  4710 | D        | Noticed a shadow dragon
  4713 | D        | Killed a shadow dragon
  4715 | D        | Killed a death cob
  4718 | D        | Noticed a fire giant
  4739 | D        | Killed a fire giant
  4898 | D        | Noticed a shadow dragon
  4900 | D        | Noticed an Ice Fiend
  4900 | D        | Killed a shadow dragon
  4912 | D        | Noticed a profane servitor
  4916 | D        | Killed a profane servitor
  4917 | D        | Noticed a quicksilver dragon
  4917 | D        | Noticed a rockslime
  4918 | D        | Noticed a storm dragon
  4922 | D        | Noticed a daeva
  4927 | D        | Killed a storm dragon
  4935 | D        | HP: 7/160 [daeva/divine providence (17)]
  4938 | D        | Killed from afar by a daeva

Illustrated notes

Levels and vault maps discovered:
D:        pitsprint [storerooms_1, entrance_room_1, metal_vault_4, armoury_2,
          mini_pit_1, grid_room_1, main_hall_1, silver_pit, the_coven_3,
          the_vestibule_1, steel_vault_4, golden_pit, hallway_of_sentries,
          crystal_vault_1, iron_vault_2, final_vault]

Skill      XL: |  1  2  3  4  5  6  7  8  9 10 11 12 13 14 15 |
---------------+----------------------------------------------+-----
Fighting       | 4 5 6 7 8 9 10 11 13 14 17 19 22 | 22.0
Axes           | 3 4 5 6 7 8 9 10 12 13 15 18 21 | 21.5
Armour         | 4 5 6 7 8 9 10 12 13 15 18 20 | 20.4
Shields        | 4 5 6 7 8 9 10 12 13 15 18 20 | 20.4
Invocations    | 1 4 8 10 12 14 16 19 21 24 27 | 27.0

Action                     |  1- 3 |  4- 6 |  7- 9 | 10-12 | 13-15 || total
---------------------------+-------+-------+-------+-------+-------++-------
  Melee: War axe           |    17 |    53 |    13 |       |       ||    83
         Tailslap          |     1 |     6 |     3 |    11 |    24 ||    45
         Kick              |       |    17 |    12 |    16 |    56 ||   101
         Broad axe         |       |       |    22 |    65 |   151 ||   238
 Invoke: Disaster Area     |       |       |     4 |     8 |    16 ||    28
    Use: Potion            |       |     2 |     4 |     4 |    15 ||    25
         Scroll            |       |       |       |     4 |     2 ||     6
 Armour: Scale mail        |     7 |     3 |       |       |       ||    10
         Chain mail        |       |    15 |     4 |       |       ||    19
         Plate armour      |       |       |    28 |    77 |    94 ||   199
  Dodge: Dodged            |     6 |    11 |    21 |    33 |    32 ||   103
         Repelled          |       |       |       |     1 |     5 ||     6
  Block: Buckler           |     8 |    59 |    61 |   121 |    41 ||   290
         Tower shield      |       |       |       |       |   219 ||   219

Table legend: (Time is in decaauts)
 A = Elapsed time spent in this place.
 B = Non-inter-level travel time spent in this place.
 C = Inter-level travel time spent in this place.
 D = Time resting spent in this place.
 E = Time spent auto-exploring this place.
 F = Levels seen in this place.
 G = Mean time per level.
                   A        B        C        D        E       F      G
               +--------+--------+--------+--------+--------+-----+--------+
         Total |   5148 |   5045 |    103 |   3173 |      6 |   1 | 5148.0 |
       Dungeon |   5148 |   5045 |    103 |   3173 |      6 |   1 | 5148.0 |
               +--------+--------+--------+--------+--------+-----+--------+

Top non-repeatable levels by time:
       D: 5148 daAuts
